 Dungeon Crawl Stone Soup version 0.29-a0-824-gd827844252 (webtiles) character file.

Game seed: 16981410224068219442

15971 Querens the Blocker (level 13, -2/113 HPs)
             Began as a Meteoran Fighter on July 10, 2022.
             Was a High Priest of Okawaru.
             Killed from afar by a lindwurm (40 damage)
             ... with a blast of flame
             ... in a volcano.
             The game lasted 00:32:29 (7309 turns).

Querens the Blocker (Meteoran Fighter)              Turns: 7309, Time: 00:32:30

Health: -2/113     AC: 27    Str: 21    XL:     13   Next: 1%
Magic:  20/21      EV:  7    Int: 10    God:    Okawaru [*****.]
Gold:   715        SH:  9    Dex: 19    Spells: 12/12 levels left

rFire   . . .      SeeInvis .   a - +0 war axe
rCold   . . .      Faith    .   c - +0 buckler
rNeg    + . .      Spirit   .   F - +0 crystal plate armour
rPois   +          Reflect  .   (no helmet)
rElec   .          Harm     .   q - +0 cloak
rCorr   .          Rampage  .   (no gloves)
Will    +....                   u - +0 pair of boots
Stlth   ..........              A - amulet of the acrobat
HPRegen 0.28/turn               L - ring of the Sturgeon {Fly rN+ Dex+3}
MPRegen 0.17/turn               I - ring of poison resistance

@: heroic, finesse-ful, flying, glowing
A: sense surroundings 2, otherworldly, glowing, explore regen
a: Renounce Religion, Heroism, Finesse, Duel


You were in a volcano.
You worshipped Okawaru.
Okawaru was extremely pleased with you.
You visited 3 branches of the dungeon, and saw 14 of its levels.
You also visited: Sewer and Volcano.

You collected 1245 gold pieces.
You spent 530 gold pieces at shops.

Inventory:

Hand Weapons
 a - a +0 war axe (weapon)
 d - a +0 hand axe of flaming
Missiles
 E - 7 curare-tipped darts (quivered)
Armour
 c - a +0 buckler (worn)
 q - a +0 cloak (worn)
 u - a +0 pair of boots (worn)
 F - a +0 crystal plate armour (worn)
 K - an orb of energy
Jewellery
 b - a ring of resist corrosion
 A - an amulet of the acrobat (around neck)
 I - a ring of poison resistance (right hand)
 L - the ring of the Sturgeon (left hand) {Fly rN+ Dex+3}
   (You found it on level 10 of the Dungeon)

   [ring of flight]

   Dex:       It affects your dexterity (+3).
   rN:        It protects you from negative energy.
   Fly:       It grants you flight.
Wands
 k - a wand of flame (30)
 M - a wand of light (6)
Scrolls
 f - a scroll of teleportation
 j - 3 scrolls of blinking
 m - 2 scrolls of enchant armour
 n - 4 scrolls of magic mapping
 o - a scroll of amnesia
 p - 2 scrolls of enchant weapon
 r - 3 scrolls of fog
 w - a scroll of silence
 x - 2 scrolls of brand weapon
 y - a scroll of immolation
 z - a scroll of poison {unknown}
 B - a scroll of fear {unknown}
 G - a scroll of torment {unknown}
Potions
 e - 8 potions of curing
 g - 3 potions of lignification
 h - 2 potions of heal wounds
 i - 3 potions of mutation {unknown}
 l - a potion of resistance {unknown}
 s - 3 potions of brilliance
 t - 3 potions of attraction
 v - 2 potions of haste
 C - 2 potions of cancellation
 D - 2 potions of might
 H - 3 potions of flight
 O - a potion of invisibility {unknown}


   Skills:
 + Level 10.0(15.0) Fighting
 + Level 10.5(15.5) Axes
 + Level 10.7(15.7) Armour
 * Level 13.5(18.5) Shields
 + Level 10.0 Invocations


You had 12 spell levels left.
You didn't know any spells.
Your spell library contained the following spells:

 Spells                   Type           Power      Damage    Failure   Level
 Shock                    Conj/Air       0%         1d3       100%        1
 Slow                     Hex            0%         N/A       100%        1
 Confusing Touch          Hex            0%         N/A       100%        3
 Ozocubu's Armour         Ice            0%         N/A       100%        3
 Swiftness                Air            0%         N/A       100%        3
 Vampiric Draining        Necr           0%         2d6       100%        3
 Airstrike                Air            0%         0-1+      100%        4
 Cause Fear               Hex            0%         N/A       100%        4
 Hailstorm                Conj/Ice       0%         3d3       100%        4
 Ice Form                 Ice/Tmut       0%         N/A       100%        4
 Dragon Form              Tmut           0%         N/A       100%        7
 Ozocubu's Refrigeration  Ice            0%         4d5       100%        7
 Simulacrum               Ice/Necr       Unusable   N/A       N/A         6
 Dragon's Call            Summ           Unusable   N/A       N/A         9

Dungeon Overview and Level Annotations

Branches:
Dungeon (11/15) Zot: 402   Temple (1/1) D:4 Zot: 560    Lair (0/6) D:10
    Orc (2/2) D:11 Zot: 645     Elf (0/3) Orc:2         Sewer (visited)
Volcano (1/1) Zot: 410

Altars:
Ashenzari
Cheibriados
Dithmenos
Elyvilon
Fedhas
Gozag
Hepliaklqana
Kikubaaqudgha
Makhleb
Nemelex Xobeh
Okawaru
Qazlal
Ru
Sif Muna
Trog
Uskayaw
Vehumet
Wu Jian
Xom
Yredelemnul
Zin
The Shining One

Shops:
Orc:1 !   Orc:2 !

Annotations:
D:11 4 transporters


Innate Abilities, Weirdness & Mutations

You passively map the area around you.
You are easily found by Zot.
You glow in the dark.
You regain HP and MP as you explore.


Message History

The lindwurm is moderately wounded.
You slash the lindwurm!
Unknown command.
Unknown command.
You feel better.
You block the lindwurm's attack. x3; The lindwurm bites you.
You block the lindwurm's attack. The lindwurm closely misses you.
You completely miss the lindwurm.
The lindwurm is moderately wounded.
You hit the lindwurm but do no damage. The lindwurm bites you.
The lindwurm barely misses you. You block the lindwurm's attack.
The lindwurm bites you but does no damage.
You block the lindwurm's attack.
The lindwurm claws you but does no damage.
Unknown command.
You barely miss the lindwurm.
The lindwurm is moderately wounded.
You closely miss the lindwurm. You hit the lindwurm.
The lindwurm is moderately wounded.
You slash the lindwurm! The lindwurm breathes flames at you.
The blast of flame hits you!
* * * LOW HITPOINT WARNING * * *
The lindwurm bites you but does no damage.
The lindwurm barely misses you. The lindwurm claws you!
* * * LOW HITPOINT WARNING * * *
Unknown command.
You feel better.
The lindwurm bites you but does no damage.
You block the lindwurm's attack. x2
The lindwurm bites you but does no damage.
The lindwurm barely misses you. x2
You feel better. You block the lindwurm's attack.
The lindwurm claws you but does no damage.
The lindwurm closely misses you. x3
The lindwurm claws you but does no damage.
You feel better. You block the lindwurm's attack. The lindwurm claws you. x2
The lindwurm breathes flames at you. The blast of flame hits you!!!
You die...

, ,,* * , ,**
###+ * *
####..##*, *
* ###....≈≈#
, ,
#....≈≈≈≈*≈
≈≈ , *
#..≈≈≈.k# ≈
#..≈≈≈k@##≈≈
* ##...≈≈≈≈#
≈≈ ,*
###....≈# ,*
###.)##*, * *
###'# *
##.#.##
##.##v○###
##.##≈≈.§.##
##.###≈≈≈v..#


You could see 2 lindwurms.

Vanquished Creatures
  An ettin (Orc:2)
  A hydra (D:11)
  2 two-headed ogres
  Sonja (D:11)
  Pikel (D:7)
  3 orc knights
  An orc sorcerer (Orc:1)
  An ugly thing (D:11)
  2 manticores
  A toenail golem (Volcano)
  3 molten gargoyles (Volcano)
  2 efreet (Volcano)
  3 trolls
  A hornet (D:9)
  2 shadows
  A basilisk (D:11)
  2 wyverns
  2 wraiths (D:11)
  Grum (D:8)
  3 steam dragons (D:8)
  A warg (Orc:1)
  Menkaure (D:4)
  3 acid dragons
  2 water moccasins (D:7)
  12 orc warriors
  3 ice beasts
  2 sky beasts
  A black bear (D:5)
  2 wolves (D:8)
  6 ogres
  A centaur (D:9)
  A phantom (D:5)
  A bullfrog (D:8)
  3 necrophages
  3 gnoll sergeants
  2 scorpions
  4 howler monkeys
  2 hounds
  3 jellies
  A gnoll bouda (D:6)
  12 orc priests
  3 iguanas
  Jessica (D:2)
  17 orc wizards
  25 gnolls
  7 adders
  A white imp (D:8)
  A worm (D:4)
  2 dart slugs
  75 orcs
  10 endoplasms
  6 giant cockroaches
  3 hobgoblins
  7 jackals
  2 quokkas
  13 ball pythons
  5 bats
  8 frilled lizards
  10 goblins
  7 kobolds
  4 rats
307 creatures vanquished.

Vanquished Creatures (others)
  Prince Ribbit (D:8)
1 creature vanquished.

Grand Total: 308 creatures vanquished

Notes
Turn   | Place    | Note
-------+----------+-------------------------------------------
     0 | D:1      | Querens the Meteoran Fighter began the quest for the Orb.
     0 | D:1      | Reached XP level 1. HP: 19/19 MP: 2/2
    87 | D:1      | Reached XP level 2. HP: 21/26 MP: 3/3
   300 | D:1      | Reached XP level 3. HP: 31/31 MP: 4/4
   340 | D:1      | Reached skill level 4 in Shields
   464 | D:2      | Found a faded altar of an unknown god.
   481 | D:2      | You fall into a shaft and drop 2 floors!
   669 | D:3      | Found a basalt altar of Yredelemnul.
   669 | D:3      | Found a hide-covered altar of Uskayaw.
   674 | D:3      | Found an iron altar of Okawaru.
   683 | D:3      | Became a worshipper of Warmaster Okawaru
   870 | D:2      | Noticed Jessica
   876 | D:2      | Killed Jessica
   877 | D:2      | Reached XP level 4. HP: 40/40 MP: 5/5
   943 | D:2      | Reached XP level 5. HP: 45/46 MP: 6/6
  1843 | D:4      | Reached XP level 6. HP: 21/53 MP: 7/7
  1947 | D:4      | Noticed an ogre
  1956 | D:4      | Killed an ogre
  1956 | D:4      | Reached * piety under Okawaru
  1957 | D:4      | Reached skill level 5 in Armour
  1957 | D:4      | Reached skill level 5 in Shields
  1966 | D:4      | Noticed Menkaure
  1977 | D:4      | Killed Menkaure
  1978 | D:4      | Reached XP level 7. HP: 12/60 MP: 5/8
  2121 | D:4      | Found a staircase to the Ecumenical Temple.
  2136 | Temple   | Entered the Ecumenical Temple
  2254 | D:4      | Glimpsed the power of Zot.
  2267 | D:5      | Entered Level 5 of the Dungeon
  2276 | D:5      | Reached skill level 5 in Fighting
  2305 | D:5      | Reached skill level 1 in Invocations
  2369 | D:5      | Reached skill level 5 in Axes
  2398 | D:5      | Reached ** piety under Okawaru
  2517 | D:5      | Reached XP level 8. HP: 7/68 MP: 10/10
  2559 | D:5      | Reached skill level 6 in Shields
  2686 | D:5      | Found a glowing drain.
  2700 | Sewer    | Entered a sewer
  3057 | D:5      | Found a bloodstained altar of Trog.
  3144 | D:5      | Glimpsed the power of Zot.
  3230 | D:5      | Found a runed translucent door.
  3264 | D:5      | Gained mutation: You passively map the area around you.
                  | [Meteoran growth]
  3264 | D:5      | Reached XP level 9. HP: 64/75 MP: 10/12
  3496 | D:6      | Reached *** piety under Okawaru
  3497 | D:6      | Reached skill level 7 in Shields
  3497 | D:6      | Found a broken altar of Ashenzari.
  3729 | D:6      | Glimpsed the power of Zot.
  3779 | D:6      | Glimpsed the power of Zot.
  3845 | D:7      | Reached skill level 5 in Invocations
  3951 | D:7      | Noticed Pikel
  3969 | D:7      | Killed Pikel
  3969 | D:7      | Reached **** piety under Okawaru
  3970 | D:7      | Reached skill level 8 in Shields
  3970 | D:7      | Reached XP level 10. HP: 76/86 MP: 12/15
  4015 | D:7      | Found a stormy altar of Qazlal.
  4319 | D:7      | Glimpsed the power of Zot.
  4369 | D:7      | Glimpsed the power of Zot.
  4389 | D:8      | Noticed Prince Ribbit
  4401 | D:8      | Reached skill level 9 in Shields
  4402 | D:8      | Noticed Grum
  4403 | D:8      | Killed Prince Ribbit
  4425 | D:8      | Killed Grum
  4469 | D:8      | Reached ***** piety under Okawaru
  4575 | D:8      | Reached skill level 10 in Shields
  4678 | D:8      | Found a hazy altar of Hepliaklqana.
  4678 | D:8      | Found a faded altar of an unknown god.
  4683 | D:8      | Found a faded altar of an unknown god.
  4685 | D:8      | Found a blossoming altar of Fedhas.
  4686 | D:8      | Found a sacrificial altar of Ru.
  4867 | D:9      | Noticed a manticore
  4881 | D:9      | Killed a manticore
  4882 | D:9      | Reached XP level 11. HP: 62/94 MP: 17/17
  5077 | D:9      | Found the +4 robe of Augmentation {Str+4 Int+4 Dex+4}
  5281 | D:10     | Entered Level 10 of the Dungeon
  5305 | D:10     | Received a gift from Okawaru
  5349 | D:10     | Noticed a two-headed ogre
  5484 | D:10     | Killed a two-headed ogre
  5485 | D:10     | Reached skill level 11 in Shields
  5519 | D:10     | Found a glowing golden altar of the Shining One.
  5610 | D:10     | Found a staircase to the Lair.
  5708 | D:10     | Found an ornate altar of the Wu Jian Council.
  5724 | D:10     | Identified the ring of the Sturgeon {Fly rN+ Dex+3}
  5843 | D:11     | Noticed Sonja
  5857 | D:11     | Killed Sonja
  5891 | D:11     | Found a staircase to the Orcish Mines.
  5891 | D:11     | Noticed an orc knight
  5894 | D:11     | Noticed a two-headed ogre
  5951 | D:11     | Noticed a boulder beetle
  5962 | D:11     | Noticed a five-headed hydra
  6017 | D:11     | Noticed a white ugly thing
  6030 | D:11     | Killed a two-headed ogre
  6037 | D:11     | Killed a white ugly thing
  6037 | D:11     | Killed an orc knight
  6038 | D:11     | Reached skill level 12 in Shields
  6038 | D:11     | Reached XP level 12. HP: 43/104 MP: 12/19
  6119 | D:11     | Found a transporter.
  6123 | D:11     | Found a transporter.
  6125 | D:11     | Found a transporter.
  6141 | D:11     | Found a transporter.
  6345 | D:11     | Killed a five-headed hydra
  6346 | D:11     | Reached skill level 10 in Armour
  6476 | Orc:1    | Entered Level 1 of the Orcish Mines
  6477 | Orc:1    | Found Wybitz's Distillery.
  6506 | Orc:1    | Bought a potion of flight for 42 gold pieces
  6506 | Orc:1    | Bought a potion of brilliance for 56 gold pieces
  6506 | Orc:1    | Bought 2 potions of degeneration for 28 gold pieces
  6506 | Orc:1    | Bought 2 potions of curing for 84 gold pieces
  6506 | Orc:1    | Bought a potion of might for 56 gold pieces
  6551 | Orc:1    | Found a dark tunnel.
  6764 | Orc:1    | Paralysed by an orc sorcerer for 5 turns
  6850 | Orc:2    | Entered Level 2 of the Orcish Mines
  6853 | Orc:2    | Noticed an orc knight
  6880 | Orc:2    | Reached skill level 10 in Axes
  6885 | Orc:2    | Killed an orc knight
  6904 | Orc:2    | Noticed an orc knight
  6931 | Orc:2    | Killed an orc knight
  6932 | Orc:2    | Reached skill level 13 in Shields
  6933 | Orc:2    | Noticed an orc high priest
  6936 | Orc:2    | Found a staircase to the Elven Halls.
  6936 | Orc:2    | Found Qytelah's Distillery.
  6944 | Orc:2    | Noticed an ettin
  6976 | Orc:2    | Killed an ettin
  6976 | Orc:2    | Received a gift from Okawaru
  6991 | Orc:2    | Bought a potion of cancellation for 96 gold pieces
  6991 | Orc:2    | Bought a potion of curing for 36 gold pieces
  6991 | Orc:2    | Bought a potion of heal wounds for 60 gold pieces
  6991 | Orc:2    | Bought a potion of curing for 36 gold pieces
  6991 | Orc:2    | Bought a potion of curing for 36 gold pieces
  7080 | Volcano  | Entered a volcano
  7261 | Volcano  | Noticed a lindwurm
  7261 | Volcano  | Noticed a lindwurm
  7284 | Volcano  | Reached skill level 10 in Fighting
  7284 | Volcano  | Reached skill level 10 in Invocations
  7284 | Volcano  | Reached XP level 13. HP: 59/113 MP: 16/21
  7309 | Volcano  | Killed from afar by a lindwurm

Illustrated notes

Levels and vault maps discovered:
D:1:      lightli_arrival_maybe_door_vault, layout_loops_ring
D:2:      layout_loops_ring, chequers_ecumenical_altar_simple, uniq_jessica
D:3:      layout_loops_corners, okawaru_metal_pillars_3,
          nicolae_overflow_two_pavilions
D:4:      layout_basic, minmay_temple_entry_stoned_glass, uniq_menkaure
D:5:      black_bear_nest_1, layout_gridville, trog_antimagical,
          cheibrodos_sewer_entry_drain, minmay_misc_feat_chi,
          serial_park_tiny_2, lightli_church_of_beogh
D:6:      layout_layer_cave, lemuel_round_altar
D:7:      layout_basic, mainiacjoe_overflow_alcove_1, uniq_pikel
D:8:      layout_cave_pools, chequers_temple_overflow_minitemple,
          uniq_prince_ribbit1, uniq_grum
D:9:      layout_basic
D:10:     layout_basic, nicolae_overflow_crystal_walls,
          nicolae_tso_carved_into_rock
D:11:     layout_big_octagon, david_orc_5, minmay_door_square,
          nicolae_transporter_circle, uniq_sonja
Temple:   hellmonk_temple_of_storms
Orc:1:    layout_caves, serial_shops, shop, basic_altar,
          lightli_volcano_entry_magma_tube, nicolae_orc_flooded_monolith
Orc:2:    grunt_orc_tribal_feast, layout_diamond_mine, serial_shops, shop
Volcano:  volcano_aerie

Skill      XL: |  1  2  3  4  5  6  7  8  9 10 11 12 |
---------------+-------------------------------------+-----
Shields        | 4 5 6 8 10 12 13 | 13.5
Armour         | 4 5 6 7 8 9 10 | 10.7
Axes           | 3 4 5 6 7 8 9 10 | 10.5
Fighting       | 4 5 6 7 8 9 10 | 10.0
Invocations    | 2 3 5 7 8 10 | 10.0

Action                   |  1- 3 |  4- 6 |  7- 9 | 10-12 | 13-15 || total
-------------------------+-------+-------+-------+-------+-------++-------
Melee: War axe           |    94 |   127 |   224 |   613 |     9 ||  1067
       Whip              |       |       |       |    25 |       ||    25
Throw: Dart              |       |       |       |     7 |       ||     7
Invok: Heroism           |       |     1 |     3 |    20 |     1 ||    25
       Finesse           |       |       |       |     5 |       ||     5
Evoke: Wand              |       |       |       |     8 |       ||     8
  Use: Potion            |       |     1 |     2 |     2 |     6 ||    11
       Scroll            |       |       |       |    19 |       ||    19
 Stab: Invisible         |       |       |       |     2 |       ||     2
Armor: Scale mail        |    50 |    47 |       |       |       ||    97
       Chain mail        |       |    24 |   102 |       |       ||   126
       Crystal plate arm |       |       |    52 |   414 |    19 ||   485
Dodge: Dodged            |    36 |    36 |    62 |   104 |    15 ||   253
Block: Buckler           |    24 |    43 |    64 |   240 |    22 ||   393

Table legend: (Time is in decaauts)
 A = Elapsed time spent in this place.
 B = Non-inter-level travel time spent in this place.
 C = Inter-level travel time spent in this place.
 D = Time resting spent in this place.
 E = Time spent auto-exploring this place.
 F = Levels seen in this place.
 G = Mean time per level.
                   A        B        C        D        E       F      G
               +--------+--------+--------+--------+--------+-----+--------+
         Total |   7367 |   6832 |    535 |      0 |     12 |  16 |  460.4 |
       Dungeon |   6198 |   5725 |    473 |      0 |      0 |  11 |  563.5 |
        Temple |     39 |     27 |     12 |      0 |     12 |   1 |   39.0 |
  Orcish Mines |    554 |    504 |     50 |      0 |      0 |   2 |  277.0 |
         Sewer |    386 |    386 |      0 |      0 |      0 |   1 |  386.0 |
       Volcano |    188 |    188 |      0 |      0 |      0 |   1 |  188.0 |
               +--------+--------+--------+--------+--------+-----+--------+

Top non-repeatable levels by time:
     D:5: 806 daAuts
     D:3: 707 daAuts
     D:4: 647 daAuts
    D:10: 631 daAuts
     D:7: 570 daAuts
     D:9: 516 daAuts
    D:11: 491 daAuts
     D:1: 486 daAuts
     D:6: 479 daAuts
     D:2: 471 daAuts
   Orc:1: 401 daAuts
     D:8: 389 daAuts
   Sewer: 386 daAuts
 Volcano: 188 daAuts
   Orc:2: 153 daAuts
